 Dungeon Sprint DCSS version 0.27.0-1-g7a089689b8 (webtiles) character file.

Game seed: 13345326244316288341

12160 Conn the Arsonist (level 11, -4/72 HPs)
             Began as an Octopode Fire Elementalist on Aug 14, 2021.
             Was the Champion of Sif Muna.
             Slain by a cherub (6 damage)
             ... in the Dungeon (Sprint VII: "The Pits").
             The game lasted 00:26:41 (5166 turns).

Conn the Arsonist (Octopode Fire Elementalist)      Turns: 5166, Time: 00:26:41

Health: -4/72      AC:  3    Str:  9    XL:     11   Next: 89%
Magic:  16/28      EV: 17    Int: 22    God:    Sif Muna [******]
Gold:   61         SH:  0    Dex: 18    Spells: 5/36 levels left

rFire    + . .     SeeInvis +   m - +2 rapier (elec)
rCold    + . .     Faith    .   (no shield)
rNeg     + . .     Spirit   .   (helmet restricted)
rPois    .         Reflect  .   (no amulet)
rElec    .         Harm     .   k - +3 ring of dexterity
rCorr    .         Rampage  .   l - +3 ring of dexterity
Will     .....     NoTele   +   p - ring of positive energy
Stlth    ++........             q - ring of protection from cold
HPRegen  0.22/turn              w - ring of see invisible
MPRegen  0.21/turn              (no ring)
                                (no ring)
                                (no ring)

@: glowing, invisible (but backlit and visible)
A: almost no armour, amphibious, 8 rings, camouflage 1, gelatinous body 1,
(nimble swimmer 1), tentacles, antennae 1, iridescent scales 1, fire resistance
1, strong 1
a: Renounce Religion, Channel Magic, Forget Spell, Divine Exegesis


You were in the Dungeon.
You worshipped Sif Muna.
Sif Muna was exalted by your worship.
You visited 1 branch You collected 61 gold pieces.

Inventory:

Hand Weapons
 g - a +2 dagger
 j - a +2 dagger of venom
 m - a +2 rapier of electrocution (weapon)
Magical Staves
 s - a staff of poison
Jewellery
 k - a +3 ring of dexterity (left tentacle)
 l - a +3 ring of dexterity (right tentacle)
 p - a ring of positive energy (on tentacle)
 q - a ring of protection from cold (on tentacle)
 w - a ring of see invisible (on tentacle)
Wands
 v - a wand of paralysis (6)
Scrolls
 c - 3 scrolls of fog
 f - 3 scrolls of fear
 i - 5 scrolls of amnesia
 o - a scroll of identify
 r - a scroll of immolation
Potions
 a - 7 potions of curing
 b - 15 potions of heal wounds
 d - 4 potions of magic
 e - 4 potions of berserk rage
 t - 2 potions of brilliance
 u - 2 potions of mutation


   Skills:
 + Level 5.4 Fighting
 + Level 5.9 Short Blades
 + Level 6.9 Dodging
 - Level 8.6 Stealth
 + Level 13.2 Spellcasting
 + Level 11.8 Conjurations
 + Level 1.3 Hexes
 - Level 5.0 Summonings
 - Level 5.2 Translocations
 + Level 14.4 Fire Magic
 - Level 5.6 Air Magic
 - Level 5.0 Earth Magic
 - Level 8.0 Invocations


You had 5 spell levels left.
You knew the following spells:

 Your Spells              Type           Power      Damage    Failure   Level
a - Foxfire               Conj/Fire      100%       2x1d9     1%          1
b - Conjure Flame         Conj/Fire      64%        6-21      1%          3
c - Inner Flame           Hex/Fire       49%        N/A       1%          3
d - Sticky Flame          Conj/Fire      64%        2d8       1%          4
e - Fireball              Conj/Fire      32%        3d14      1%          5
f - Bolt of Magma         Conj/Fire/Erth 28%        4d13      1%          5
g - Iskenderun's Mystic   Conj/Tloc      51%        2d11      1%          4
h - Searing Ray           Conj           100%       3d7       1%          2
i - Summon Lightning Spi  Summ/Air       38%        N/A       4%          4

Your spell library contained the following spells:

 Spells                   Type           Power      Damage    Failure   Level
 Magic Dart               Conj           100%       1d8       1%          1
 Corpse Rot               Necr/Air       N/A        N/A       1%          2
 Poisonous Vapours        Pois/Air       52%        N/A       1%          2
 Static Discharge         Conj/Air       52%        N/A       1%          2
 Dazzling Flash           Conj/Hex       86%        N/A       1%          3
 Swiftness                Air            39%        N/A       1%          3
 Iskenderun's Battlesphe  Conj           61%        2d11      1%          5
 Passwall                 Tmut/Erth      20%        N/A       2%          2
 Portal Projectile        Hex/Tloc       58%        N/A       3%          3
 Fulminant Prism          Conj/Hex       21%        3d13      3%          4
 Lightning Bolt           Conj/Air       26%        1d42      3%          5
 Sting                    Tmut/Pois      56%        1d5       4%          1
 Ensorcelled Hibernation  Hex/Ice        34%        N/A       4%          2
 Freezing Cloud           Conj/Ice/Air   20%        6-21      11%         5
 Leda's Liquefaction      Hex/Erth       14%        N/A       12%         4
 Spider Form              Tmut/Pois      7%         N/A       13%         3
 Silence                  Hex/Air        14%        N/A       28%         5
 Summon Mana Viper        Hex/Summ       28%        N/A       32%         5
 Borgnjor's Vile Clutch   Necr/Erth      12%        N/A       38%         5
 Animate Dead             Necr           7%         N/A       41%         4
 Ice Form                 Ice/Tmut       14%        N/A       41%         4
 Metabolic Englaciation   Hex/Ice        8%         N/A       67%         5
 Excruciating Wounds      Necr           7%         N/A       77%         5
 Starburst                Conj/Fire      32%        8x6d10    3%          6
 Iron Shot                Conj/Erth      25%        9d5       22%         6
 Orb of Destruction       Conj           30%        9d12      28%         7
 Ignition                 Fire           33%        3d10      58%         8
 Shadow Creatures         Summ           N/A        N/A       63%         6
 Statue Form              Tmut/Erth      16%        N/A       93%         6
 Invisibility             Hex            10%        N/A       98%         6
 Malign Gateway           Summ/Tloc      18%        N/A       99%         7
 Death Channel            Necr           7%         N/A       100%        6
 Fire Storm               Conj/Fire      32%        8d8       100%        9


Dungeon Overview and Level Annotations

Branches:
Dungeon (1/1)

Altars:
Ashenzari
Cheibriados
Dithmenos
Elyvilon
Fedhas
Gozag
Hepliaklqana
Kikubaaqudgha
Makhleb
Nemelex Xobeh
Okawaru
Qazlal
Ru
Sif Muna
Trog
Uskayaw
Vehumet
Wu Jian
Xom
Yredelemnul
Zin
The Shining One
Beogh
Jiyva
Lugonu


Innate Abilities, Weirdness & Mutations

You cannot wear most types of armour.
You are amphibious.
You can wear up to eight rings at the same time.
Your skin changes colour to match your surroundings (Stealth+).
Your rubbery body absorbs attacks. (AC +1, EV +1)
((You are camouflaged near water. (Stealth+)))
You have tentacles for arms and can constrict up to eight enemies at once.
You have a pair of small antennae on your head.
You are partially covered in iridescent scales. (AC +2)
Your flesh is heat resistant. (rF+)
Your muscles are strong. (Str +2)


Message History

The emperor scorpion is knocked back by the mystic blast.
The emperor scorpion slams into the metal wall!
The mystic blast hits the cherub!
The cherub is lightly wounded.
The cherub is knocked back by the mystic blast.
The cherub slams into the metal wall!
The guardian serpent hits you.
The cherub unwields a +3 falchion of flaming.
It stops flaming.
The cherub wields a +0 hunting sling.
The cherub shoots a stone.
The stone hits you! The emperor scorpion stings you!
The emperor scorpion misses you. The emperor scorpion barely misses you.
Unknown command.
Casting: Iskenderun's Mystic Blast (dangerous; 1% risk of failure)
Confirm with . or Enter, or press ? or * to list all spells.
Okay, then.
Unknown command.
Unknown command.
Unknown command.
Blink to where?
Press: ? - help, Dir - move target
As you read the scroll of blinking, it crumbles to dust.
Casting: Iskenderun's Mystic Blast (dangerous; 1% risk of failure)
Confirm with . or Enter, or press ? or * to list all spells.
Okay, then.
You fade into invisibility!
The guardian serpent coils itself and waves its upper body at you.
The wind drake blinks!
The cherub blinks!
The emperor scorpion blinks!
The merfolk avatar blinks into view!
The lich blinks into view!
The emperor scorpion stings you!!
* * * LOW HITPOINT WARNING * * *
The emperor scorpion claws you.
* * * LOW HITPOINT WARNING * * *
The emperor scorpion misses you. The wind drake flaps its wings at you.
The air twists around and strikes you!
* * * LOW HITPOINT WARNING * * *
The cherub unwields a +0 hunting sling.
The cherub wields a +3 falchion of flaming.
It bursts into flame!
The cherub hits you with a +3 falchion of flaming.
You die...

####++## ## # .........#
#. ........# +..#....#..
+..........#
#..........#
#..#..sm#..#
+......@...#
+.....kLA..#
#..#..§.#..#
#..........+
#..........+
###§'####''#
###'S####''#############
#.§.§8.##...............
#.#'##.##...............


You could see an emperor scorpion, a merfolk avatar, a lich, a cherub, a wind
drake (repels missiles) and a guardian serpent.

Vanquished Creatures
  A minotaur (D)
  A sun demon (D)
  A shadow wraith (D)
  2 deep elf zephyrmancers (D)
  A deep elf pyromancer (D)
  An orc knight (D)
  An elephant (D)
  A guardian serpent (D)
  A black mamba (D)
  A gargoyle (D)
  A komodo dragon (D)
  A kobold demonologist (D)
  An efreet (D)
  2 rime drakes (D)
  A hellwing (D)
  An ice devil (D)
  A wind drake (D)
  A wyvern (D)
  4 redbacks (D)
  A shadow (D)
  6 yaks (D)
  A wraith (D)
  2 fire bats (D)
  6 vampire mosquitoes (D)
  2 water moccasins (D)
  A floating eye (D)
  An ice beast (D)
  2 orc warriors (D)
  3 ogres (D)
  2 centaurs (D)
  8 wolves (D)
  A phantom (D)
  2 kobold brigands (D)
  A bullfrog (D)
  2 scorpions (D)
  A quasit (D)
  A gnoll shaman (D)
  An iron imp (D)
  An orc wizard (D)
  7 gnolls (D)
  4 ufetubi (D)
  An adder skeleton (D)
  A worm (D)
  3 orcs (D)
  A bat skeleton (D)
  A giant cockroach (D)
  3 goblins (D)
  A quokka (D)
  A giant cockroach simulacrum (D)
  3 kobolds (D)
  A quokka zombie (D)
96 creatures vanquished.

Vanquished Creatures (collateral kills)
  An orange demon (D)
  An ufetubus (D)
  An endoplasm (D)
3 creatures vanquished.

Vanquished Creatures (others)
  193 foxfires (D)
193 creatures vanquished.

Grand Total: 292 creatures vanquished

Notes
Turn   | Place    | Note
-------+----------+-------------------------------------------
     0 | D        | Conn the Octopode Fire Elementalist began the quest for the
                  | Orb.
     0 | D        | Reached XP level 1. HP: 11/11 MP: 3/3
   265 | D        | Found a glowing golden altar of the Shining One.
   265 | D        | Found a glowing silver altar of Zin.
   265 | D        | Found a basalt altar of Yredelemnul.
   265 | D        | Found a shimmering altar of Xom.
   265 | D        | Found an ornate altar of the Wu Jian Council.
   265 | D        | Found a bloodstained altar of Trog.
   265 | D        | Found a shimmering blue altar of Sif Muna.
   265 | D        | Found a sacrificial altar of Ru.
   265 | D        | Found a stormy altar of Qazlal.
   265 | D        | Found an iron altar of Okawaru.
   265 | D        | Found a sparkling altar of Nemelex Xobeh.
   265 | D        | Found a burning altar of Makhleb.
   265 | D        | Found a viscous altar of Jiyva.
   265 | D        | Found a hazy altar of Hepliaklqana.
   265 | D        | Found an opulent altar of Gozag.
   265 | D        | Found a blossoming altar of Fedhas.
   265 | D        | Found a white marble altar of Elyvilon.
   265 | D        | Found a shadowy altar of Dithmenos.
   265 | D        | Found a snail-covered altar of Cheibriados.
   266 | D        | Found a radiant altar of Vehumet.
   266 | D        | Found a corrupted altar of Lugonu.
   267 | D        | Found an ancient bone altar of Kikubaaqudgha.
   267 | D        | Found a hide-covered altar of Uskayaw.
   267 | D        | Found a broken altar of Ashenzari.
   268 | D        | Became a worshipper of Sif Muna the Loreminder
   280 | D        | Reached skill level 4 in Fire Magic
   372 | D        | Reached XP level 2. HP: 17/17 MP: 2/5
   408 | D        | Reached * piety under Sif Muna
   484 | D        | Noticed a scorpion
   487 | D        | Noticed a scorpion
   494 | D        | Killed a scorpion
   494 | D        | Reached ** piety under Sif Muna
   495 | D        | Reached skill level 5 in Fire Magic
   495 | D        | Reached XP level 3. HP: 21/21 MP: 1/7
   495 | D        | Reached XP level 4. HP: 27/27 MP: 1/9
   496 | D        | Killed a scorpion
   497 | D        | Reached skill level 1 in Fighting
   497 | D        | Reached skill level 6 in Fire Magic
   497 | D        | Reached XP level 5. HP: 24/33 MP: 1/11
   654 | D        | Learned a level 3 spell: Conjure Flame
   658 | D        | Learned a level 3 spell: Inner Flame
   663 | D        | Learned a level 4 spell: Sticky Flame
   674 | D        | Noticed a floating eye
   680 | D        | Killed a floating eye
   681 | D        | Reached skill level 1 in Short Blades
   681 | D        | Reached skill level 5 in Stealth
   681 | D        | Reached skill level 7 in Fire Magic
   681 | D        | Reached skill level 5 in Invocations
   681 | D        | Reached XP level 6. HP: 38/38 MP: 7/13
   723 | D        | Noticed a water moccasin
   729 | D        | Noticed a fire bat
   730 | D        | Reached *** piety under Sif Muna
   731 | D        | Reached skill level 5 in Spellcasting
   731 | D        | Reached skill level 8 in Fire Magic
   740 | D        | Killed a fire bat
   741 | D        | Reached skill level 9 in Fire Magic
   741 | D        | Reached XP level 7. HP: 45/45 MP: 10/15
   827 | D        | Learned a level 5 spell: Fireball
   847 | D        | Reached **** piety under Sif Muna
   848 | D        | Reached skill level 5 in Dodging
   998 | D        | Reached skill level 10 in Fire Magic
  1008 | D        | Reached ***** piety under Sif Muna
  1010 | D        | Received a gift from Sif Muna
  1011 | D        | Got Sif Muna's Volume of the Dusty Birds {god gift}
  1105 | D        | Noticed a deep elf zephyrmancer
  1128 | D        | Killed a deep elf zephyrmancer
  1129 | D        | Reached skill level 5 in Conjurations
  1129 | D        | Reached XP level 8. HP: 16/52 MP: 6/19
  1504 | D        | Noticed a rime drake
  1507 | D        | Received a gift from Sif Muna
  1511 | D        | Killed a rime drake
  1512 | D        | Reached skill level 11 in Fire Magic
  1512 | D        | Reached XP level 9. HP: 58/58 MP: 4/21
  1512 | D        | Got Sif Muna's Volume of Ignition and Confrontation {god
                  | gift}
  1618 | D        | Learned a level 5 spell: Bolt of Magma
  1752 | D        | Noticed a komodo dragon
  1774 | D        | Reached skill level 1 in Earth Magic
  1910 | D        | Killed a komodo dragon
  1911 | D        | Reached skill level 1 in Hexes
  2192 | D        | Killed a shadow wraith
  2193 | D        | Reached skill level 12 in Fire Magic
  2410 | D        | Reached skill level 5 in Earth Magic
  2410 | D        | Reached XP level 10. HP: 65/65 MP: 23/23
  2413 | D        | Reached skill level 10 in Spellcasting
  2416 | D        | Received a gift from Sif Muna
  2428 | D        | Reached skill level 5 in Short Blades
  2660 | D        | Noticed a gargoyle
  2804 | D        | Killed a gargoyle
  2812 | D        | Received a gift from Sif Muna
  2812 | D        | Noticed a deep elf zephyrmancer
  2913 | D        | Reached ****** piety under Sif Muna
  2917 | D        | Reached skill level 13 in Fire Magic
  3028 | D        | Noticed an orc knight
  3033 | D        | Killed an orc knight
  3034 | D        | Reached skill level 5 in Fighting
  3036 | D        | Reached skill level 10 in Conjurations
  3113 | D        | Received a gift from Sif Muna
  3115 | D        | Noticed an elephant
  3240 | D        | Killed an elephant
  3395 | D        | Received a gift from Sif Muna
  3396 | D        | Got Gaceblit's Handbook of Battle Magic {god gift}
  3402 | D        | Learned a level 4 spell: Iskenderun's Mystic Blast
  3405 | D        | Learned a level 2 spell: Searing Ray
  3410 | D        | Learned a level 4 spell: Summon Lightning Spire
  3463 | D        | Reached skill level 1 in Summonings
  3463 | D        | Reached XP level 11. HP: 56/71 MP: 10/27
  3561 | D        | Got Sif Muna's Papyrus of Fiery Bewitchment {god gift}
  3570 | D        | Reached skill level 1 in Translocations
  3570 | D        | Reached skill level 1 in Air Magic
  3655 | D        | Killed a deep elf zephyrmancer
  3736 | D        | Received a gift from Sif Muna
  3874 | D        | Got Sif Muna's Volume of Orientation and Transformation
                  | {god gift}
  4014 | D        | Gained mutation: You have a pair of small antennae on your
                  | head. [potion of mutation]
  4014 | D        | Gained mutation: One of your tentacles bears a spike.
                  | [potion of mutation]
  4014 | D        | Gained mutation: You are frail. (-10% HP) [potion of
                  | mutation]
  4014 | D        | Gained mutation: You are partially covered in iridescent
                  | scales. (AC +2) [potion of mutation]
  4015 | D        | Lost mutation: One of your tentacles bears a spike. [potion
                  | of mutation]
  4015 | D        | Lost mutation: You are partially covered in iridescent
                  | scales. (AC +2) [potion of mutation]
  4015 | D        | Lost mutation: You are frail. (-10% HP) [potion of
                  | mutation]
  4015 | D        | Gained mutation: You are partially covered in iridescent
                  | scales. (AC +2) [potion of mutation]
  4015 | D        | Gained mutation: Your muscles are strong. (Str +2) [potion
                  | of mutation]
  4015 | D        | Gained mutation: Your flesh is heat resistant. (rF+)
                  | [potion of mutation]
  4119 | D        | Received a gift from Sif Muna
  4122 | D        | Reached skill level 14 in Fire Magic
  4124 | D        | Got Sif Muna's Incunabulum of the Ghastly Frostbite {god
                  | gift}
  4272 | D        | Noticed a minotaur
  4292 | D        | Killed a minotaur
  4292 | D        | Received a gift from Sif Muna
  4596 | D        | Reached skill level 5 in Air Magic
  4736 | D        | Noticed a deep elf pyromancer
  4739 | D        | Killed a deep elf pyromancer
  4740 | D        | Reached skill level 5 in Translocations
  4846 | D        | Received a gift from Sif Muna
  4847 | D        | Reached skill level 5 in Summonings
  4968 | D        | Noticed a sun demon
  5042 | D        | Killed a sun demon
  5161 | D        | Noticed a merfolk avatar
  5161 | D        | Noticed a lich
  5163 | D        | Noticed an ice dragon
  5163 | D        | Noticed an emperor scorpion
  5164 | D        | Noticed a cherub
  5166 | D        | HP: 2/72 [wind drake/the air (13)]
  5166 | D        | Slain by a cherub

Illustrated notes

Levels and vault maps discovered:
D:        pitsprint [storerooms_1, entrance_room_1, metal_vault_3, armoury_3,
          mini_pit_1, grid_room_1, main_hall_1, silver_pit, the_coven_1,
          the_vestibule_1, steel_vault_3, golden_pit, hallway_of_sentries,
          crystal_vault_4, iron_vault_5, final_vault]

Skill      XL: |  1  2  3  4  5  6  7  8  9 10 11 |
---------------+----------------------------------+-----
Stealth        | 3 4 5 7 8 |  8.6
Fire Magic     | 4 5 6 7 9 10 11 12 13 14 | 14.4
Dodging        | 3 4 5 6 |  6.9
Spellcasting   | 3 4 5 7 8 9 12 13 | 13.2
Conjurations   | 2 3 4 5 6 8 10 11 | 11.8
Invocations    | 3 4 5 6 8 |  8.0
Fighting       | 1 2 3 4 5 |  5.4
Short Blades   | 1 2 3 4 5 |  5.9
Earth Magic    | 5 |  5.0
Hexes          | 1 |  1.3
Summonings     | 1 5 |  5.0
Translocations | 5 |  5.2
Air Magic      | 5 |  5.6

Action                   |  1- 3 |  4- 6 |  7- 9 | 10-12 || total
-------------------------+-------+-------+-------+-------++-------
Melee: Dagger            |     5 |     9 |    12 |       ||    26
       Constrict         |     1 |     4 |     4 |     3 ||    12
       Tentacles         |       |     1 |     1 |     3 ||     5
       Rapier            |       |       |     2 |    20 ||    22
 Cast: Foxfire           |    16 |     1 |    32 |    71 ||   120
       Conjure Flame     |       |     1 |     4 |     3 ||     8
       Sticky Flame      |       |     1 |     9 |    18 ||    28
       Fireball          |       |       |    12 |    32 ||    44
       Inner Flame       |       |       |     1 |       ||     1
       Bolt of Magma     |       |       |     2 |    14 ||    16
       Iskenderun's Myst |       |       |       |     8 ||     8
       Summon Lightning  |       |       |       |     4 ||     4
Invok: Channel Magic     |       |       |     1 |     3 ||     4
  Use: Potion            |     1 |     2 |     3 |     6 ||    12
       Scroll            |     1 |       |     1 |     1 ||     3
 Stab: Sleeping          |       |       |     3 |     3 ||     6
       Distracted        |       |       |       |     1 ||     1
Armor: Skin              |       |       |       |     3 ||     3
Dodge: Dodged            |    10 |    10 |    12 |    48 ||    80
